AoeStats
← 自古多情空餘恨

African Clearing

510403301Analyzed
3v3 RM · 3d ago on Sep 30, 2026· 62m 28s· 6 players
Game mode
Random Map
Map size
Normal (6 player)
Population
200
Speed
Normal
Resources
Standard
Victory
Conquest
Starting age
Dark Age
Ending age
Imperial Age
RankedLock teamsTeams togetherTeam positionsShared explorationLock speedFull tech treeHidden civsTurbo modeCheats
Victory
Defeat
🇷🇺 Japanese · Russia
1066
+13
🇦🇷 Persians · Argentina
1034
+14
🇱🇻 Slavs · Latvia
977
+16
🇭🇰 Goths · Hong Kong SAR China
999
-15
🇦🇷 Varangians · Argentina
987
-14
🇹🇷 Spanish · Türkiye
969
-14
ERROR 404
7:00 Loom
15:39 Feudal Age
19:19 Castle Age
17:52 Forging
17:53 Double-Bit Axe
19:02 Bloodlines
29:47 Scale Barding Armor
33:56 Gold Mining
36:09 Wheelbarrow
39:45 Imperial Age
38:51 Bow Saw
39:31 Padded Archer Armor
39:22 Fletching
39:35 Squires
39:34 Horse Collar
39:58 Husbandry
41:08 Parthian Tactics
41:23 Hand Cart
43:50 Bodkin Arrow
44:11 Leather Archer Armor
44:52 Heavy Plow
45:56 Ballistics
46:38 Chemistry
46:51 Thumb Ring
49:42 Gold Shaft Mining
48:58 Stone Mining
49:58 Ring Archer Armor
49:53 Chain Barding Armor
49:56 Murder Holes
51:45 Heavy Cavalry Archer
54:46 Two-Man Saw
55:51 Cavalier
57:12 Plate Barding Armor
57:13 Iron Casting
61:52 Conscription
62:11 Hoardings
61:04 Savar
c190
3:22 Loom
15:33 Feudal Age
16:47 Double-Bit Axe
19:43 Castle Age
20:00 Stone Mining
22:10 Scale Barding Armor
22:16 Forging
27:21 Detinets
30:18 Wheelbarrow
32:21 Gold Mining
34:21 Chain Barding Armor
34:37 Iron Casting
36:04 Horse Collar
40:22 Imperial Age
39:44 Heavy Plow
41:11 Gold Shaft Mining
41:12 Ballistics
40:48 Murder Holes
41:49 Hand Cart
42:18 Plate Barding Armor
42:44 Blast Furnace
42:12 Elite Boyar
43:23 Druzhina
RushMn🐻
13:24 Feudal Age
13:08 Loom
14:41 Wheelbarrow
13:54 Double-Bit Axe
15:20 Man-at-Arms
24:01 Gold Mining
26:50 Horse Collar
30:40 Castle Age
29:38 Forging
30:25 Scale Mail Armor
31:22 Fletching
31:46 Bow Saw
31:44 Squires
33:47 Hand Cart
37:08 Gold Shaft Mining
38:27 Stone Mining
42:15 Imperial Age
40:12 Heavy Plow
40:54 Bodkin Arrow
40:46 Treadmill Crane
41:15 Town Watch
43:23 Arrowslits
43:29 Guard Tower
46:32 Murder Holes
47:59 Conscription
47:50 Yasama
49:19 Two-Man Saw
48:40 Chain Mail Armor
49:00 Iron Casting
50:59 Ballistics
51:41 Chemistry
51:19 Keep
51:18 Plate Mail Armor
51:49 Blast Furnace
51:05 Bracer
54:03 Masonry
54:09 Thumb Ring
53:26 Crossbowman
57:19 Elite Samurai
61:16 Padded Archer Armor
61:25 Siege Engineers
Morias1stt
5:33 Loom
15:19 Feudal Age
15:33 Man-at-Arms
28:26 Castle Age
27:34 Double-Bit Axe
30:26 Horse Collar
30:55 Pikeman
41:18 Imperial Age
47:28 Wheelbarrow
55:47 Conscription
56:26 Hand Cart
56:03 Town Watch
57:20 Elite Conquistador
58:29 Bow Saw
59:07 Light Cavalry
60:27 Murder Holes
60:53 Ballistics
61:34 Chemistry
60:49 Bloodlines
61:15 Husbandry
62:24 Hussar
自古多情空餘恨
4:33 Loom
13:13 Feudal Age
13:56 Double-Bit Axe
20:07 Castle Age
18:22 Gold Mining
19:12 Scale Mail Armor
19:04 Horse Collar
19:58 Forging
19:46 Man-at-Arms
21:07 Heavy Plow
22:26 Long Swordsman
24:46 Squires
26:14 Iron Casting
26:13 Pikeman
27:31 Bow Saw
36:31 Wheelbarrow
37:31 Stone Mining
41:40 Imperial Age
39:28 Hand Cart
39:59 Stone Shaft Mining
41:09 Chain Mail Armor
41:19 Anarchy
43:34 Two-Man Saw
43:37 Blast Furnace
43:09 Crop Rotation
43:02 Conscription
42:43 Halberdier
44:03 Perfusion
45:56 Elite Huskarl
elfacusf
7:31 Loom
13:51 Feudal Age
15:54 Bloodlines
17:30 Wheelbarrow
16:57 Double-Bit Axe
18:58 Scale Barding Armor
19:04 Forging
24:24 Castle Age
23:50 Horse Collar
27:23 Bow Saw
28:38 Town Watch
29:05 Fletching
29:36 Chain Barding Armor
29:56 Ballistics
39:48 Bodkin Arrow
40:28 Iron Casting
41:02 Hand Cart
46:58 Murder Holes
47:14 Masonry
49:46 Imperial Age
47:58 Heavy Plow
50:08 Fervor
52:50 Plate Barding Armor
54:13 Blast Furnace
55:32 Conscription
55:19 Town Patrol
56:03 Crop Rotation
57:20 Chemistry
56:51 Architecture
58:35 Guilds
58:30 Bracer
58:33 Scale Mail Armor
58:56 Pikeman
59:36 Squires
61:23 Chain Mail Armor
Connection lost

Rejoining the realm…

Still unreachable

The connection could not be restored.

Session expired

The server has moved on; the page needs a fresh start.